 Dungeon Crawl Stone Soup version 0.31-a0-366-ga77b45bd9b (webtiles) character file.

Game seed: 16297575252175395790

211757 AdnanSaban the Peltast (level 18, -6/186 HPs)
             Began as a Gargoyle Fighter on July 28, 2023.
             Was the Champion of Okawaru.
             Mangled by a salamander
             ... wielding a +0 halberd
              (27 damage)
             ... on level 4 of the Snake Pit.
             The game lasted 01:06:21 (27588 turns).

AdnanSaban the Peltast (Gargoyle Fighter)          Turns: 27588, Time: 01:06:23

Health: -6/186     AC: 29    Str: 31    XL:     18   Next: 90%
Magic:  18/24      EV: -1    Int: 15    God:    Okawaru [******]
Gold:   2824       SH: 35    Dex:  9    Spells: 17/17 levels left

rFire   + + .        J - +3 morningstar (freeze)
rCold   + . .        Q - +8 tower shield "Wuaplona" {Str+3 Slay+2}
rNeg    + . .        X - melded +12 crystal plate armour "Enu Inig" {rF- Slay+6}
rPois   ∞            R - melded +0 helmet
rElec   .            G - melded +0 cloak
rCorr   .            c - melded -1 pair of gloves of Chimes {Regen+}
SInv    +            P - melded +0 pair of boots
Will    ++...        A - amulet of reflection
Stlth   ++           q - ring "Dymeb" {rF++ Will+ Int+6 SInv Stlth-}
HPRegen 0.51/turn    I - ring of protection from cold
MPRegen 0.19/turn

%: reflection
@: tree-form, heroic, finesse-ful, weakened, constricted
A: stationary, stasis, torment immunity, boosted hp, sickness immunity, AC +13,
(big wings), negative energy resistance 1, (electricity resistance), torment
resistance 1, petrification resistance
}: 1/15 runes: decaying
a: Renounce Religion, Heroism, Finesse, Duel


You were on level 4 of the Snake Pit.
You worshipped Okawaru.
Okawaru was exalted by your worship.
You were a tree.
You visited 6 branches of the dungeon, and saw 28 of its levels.
You also visited: Ice Cave.

You collected 3090 gold pieces.
You spent 266 gold pieces at shops.

Inventory:

Hand Weapons
 J - a +3 morningstar of freezing (weapon)
 Z - a +4 morningstar of pain
Missiles
 v - 6 javelins
 y - 4 curare-tipped darts
 L - 16 poisoned darts (quivered)
 U - an atropa-tipped dart
 Y - 5 boomerangs
Armour
 c - the -1 pair of gloves of Chimes (melded) {Regen+}
   (You bought it in a shop on level 2 of the Orcish Mines)

   Regen:     It increases your rate of health regeneration.
 G - a +0 cloak (melded)
 P - a +0 pair of boots (melded)
 Q - the +8 tower shield "Wuaplona" (worn) {Str+3 Slay+2}
   (Okawaru gifted it to you on level 4 of the Swamp)

   Str:       It affects your strength (+3).
   Slay:      It affects your accuracy & damage with ranged weapons and melee
   (+2).
 R - a +0 helmet (melded)
 X - the +12 crystal plate armour "Enu Inig" (melded) {rF- Slay+6}
   (Okawaru gifted it to you on level 1 of the Orcish Mines)

   Slay:      It affects your accuracy & damage with ranged weapons and melee
   (+6).
   rF:        It makes you vulnerable to fire.
Jewellery
 a - a +4 ring of protection
 q - the ring "Dymeb" (left branch) {rF++ Will+ Int+6 SInv Stlth-}
   (You found it on level 1 of the Swamp)

   [ring of intelligence]

   Int:       It affects your intelligence (+6).
   rF:        It greatly protects you from fire.
   SInv:      It lets you see invisible.
   Will:      It increases your willpower.
   Stlth:     It makes you less stealthy.
 A - an amulet of reflection (around neck)
 C - a ring of positive energy
 I - a ring of protection from cold (right branch)
 W - a +4 ring of protection
Scrolls
 b - a scroll of brand weapon {unknown}
 f - 6 scrolls of immolation {unknown}
 j - 16 scrolls of teleportation {unknown}
 k - 6 scrolls of fear {unknown}
 l - 27 scrolls of identify {unknown}
 o - 8 scrolls of amnesia {unknown}
 p - 3 scrolls of poison {unknown}
 s - a scroll of fog {unknown}
 u - 6 scrolls of revelation {unknown}
 x - 6 scrolls of enchant armour {unknown}
 z - 4 scrolls of enchant weapon {unknown}
 E - 3 scrolls of silence {unknown}
 H - 2 scrolls of noise {unknown}
 K - 2 scrolls of acquirement {unknown}
 N - 3 scrolls of vulnerability {unknown}
 S - 3 scrolls of blinking {unknown}
 V - a scroll of torment {unknown}
Potions
 d - 3 potions of might
 e - 7 potions of curing
 g - 5 potions of lignification
 h - a potion of invisibility {unknown}
 i - 3 potions of ambrosia {unknown}
 m - 3 potions of berserk rage {unknown}
 n - a potion of resistance {unknown}
 r - 5 potions of brilliance {unknown}
 t - 2 potions of mutation {unknown}
 w - 5 potions of heal wounds {unknown}
 B - 3 potions of degeneration {unknown}
 D - 4 potions of enlightenment {unknown}
 F - 5 potions of cancellation {unknown}
 M - 3 potions of attraction {unknown}
 O - 2 potions of haste {unknown}
 T - a potion of magic {unknown}


   Skills:
 * Level 17.4(22.4) Fighting
 + Level 18.0(23.0) Maces & Flails
 + Level 6.3(11.3) Throwing
 + Level 13.6(18.6) Armour
 + Level 5.9(10.9) Dodging
 + Level 19.1(24.1) Shields
 + Level 8.1 Invocations


You had 17 spell levels left.
You didn't know any spells.
Your spell library contained the following spells:

 Spells                   Type           Power      Damage    Failure   Level
 Freeze                   Ice            0%         1d3       30%         1
 Magic Dart               Conj           0%         1d3       30%         1
 Sandblast                Erth           0%         2d4       30%         1
 Shock                    Conj/Air       0%         1d3       30%         1
 Momentum Strike          Conj/Tloc      0%         3d8       43%         2
 Passwall                 Tmut/Erth      0%         N/A       43%         2
 Poisonous Vapours        Pois/Air       0%         N/A       43%         2
 Searing Ray              Conj           0%         2d4       43%         2
 Wereblood                Tmut           0%         N/A       43%         2
 Dazzling Flash           Conj/Hex       0%         N/A       67%         3
 Frozen Ramparts          Ice            0%         1d1       67%         3
 Hailstorm                Conj/Ice       0%         3d3       67%         3
 Ignite Poison            Fire/Tmut/Pois 0%         N/A       67%         3
 Inner Flame              Hex/Fire       0%         N/A       67%         3
 Mephitic Cloud           Conj/Pois/Air  0%         N/A       67%         3
 Portal Projectile        Hex/Tloc       0%         N/A       67%         3
 Stone Arrow              Conj/Erth      0%         3d7       67%         3
 Swiftness                Air            0%         N/A       67%         3
 Volatile Blastmotes      Fire/Tloc      0%         2d10      67%         3
 Airstrike                Air            0%         2d(0-16)  97%         4
 Dispel Undead            Necr           0%         3d6       97%         4
 Fulminant Prism          Conj/Hex       0%         3d5       97%         4
 Iskenderun's Mystic Bla  Conj/Tloc      0%         2d3       97%         4
 Manifold Assault         Tloc           0%         N/A       97%         4
 Freezing Cloud           Conj/Ice/Air   0%         6-21      100%        5
 Irradiate                Conj/Tmut      0%         3d11      100%        5
 Iskenderun's Battlesphe  Conj           0%         2d6       100%        5
 Yara's Violent Unravell  Hex/Tmut       0%         3d3       100%        5
 Dispersal                Tloc           0%         N/A       100%        6
 Eringya's Noxious Bog    Tmut/Pois      0%         4d6       100%        6
 Leda's Unmaking          Conj/Erth      0%         9d1       100%        6
 Starburst                Conj/Fire      0%         6d3       100%        6
 Enfeeble                 Hex            0%         N/A       100%        7
 Borgnjor's Revivificati  Necr           0%         N/A       100%        8
 Disjunction              Tloc           0%         N/A       100%        8
 Lehudib's Crystal Spear  Conj/Erth      0%         10d2      100%        8
 Maxwell's Capacitive Co  Air            0%         ∞         100%        8
 Cigotuvi's Dreadful Rot  Necr/Pois/Air  Unusable   N/A       N/A         2
 Death Channel            Necr           Unusable   N/A       N/A         6
 Spellforged Servitor     Conj/Summ      Unusable   N/A       N/A         7

Dungeon Overview and Level Annotations

Branches:
Dungeon (12/15)            Temple (1/1) D:7            Lair (5/5) D:10
  Swamp (4/4) Lair:3        Snake (4/4) Lair:2        Slime (0/5) Lair:5
    Orc (2/2) D:12            Elf (0/3) Orc:2         IceCv (visited)

Altars:
Ashenzari
Cheibriados
Dithmenos
Elyvilon
Fedhas
Gozag
Hepliaklqana
Kikubaaqudgha
Makhleb
Nemelex Xobeh
Okawaru
Qazlal
Ru
Sif Muna
Trog
Uskayaw
Vehumet
Wu Jian
Xom
Yredelemnul
Zin
The Shining One
Jiyva

Shops:
D:9 !***(**   Orc:1 !   Orc:2 [[*?   Snake:1 [:   Snake:2 :

Annotations:
D:8 exclusion: oklob plant
Lair:5 1 runed translucent door, exclusion: obsidian statue


Innate Abilities, Weirdness & Mutations

You are a tree.
Your roots penetrate the ground, keeping you stationary.
You cannot be teleported.
You are immune to unholy pain and torment.
Your maximum health is greatly increased.
Your equipment is partially melded.
You are immune to sickness and miasma.
((Your stone body is resilient. (AC +13)))
You are immune to poison.
((Your large and strong wings let you fly.))
You resist negative energy. (rN+)
((You are resistant to electric shocks. (rElec)))
You are resistant to unholy torment.
You are immune to petrification.


Message History

The splash of poison hits the nagaraja.
You block the salamander's attack.
You block the guardian serpent's attack.
The naga ritualist hits you but does no damage.
The nagaraja hits you but does no damage.
The nagaraja constricts you.
You puncture the salamander! You freeze the salamander.
The salamander is almost dead.
You block the salamander's attack.
The naga warrior roars a battlecry!
The nagas go into a battle-frenzy!
You block the salamander's attack.
You impale the salamander!! You freeze the salamander.
You kill the salamander!
Okawaru accepts your kill.
The guardian serpent coils itself and waves its upper body at you.
The naga sharpshooter blinks!
The nagaraja hits you with a +0 flail.
* * * LOW HITPOINT WARNING * * *
The guardian serpent hits you.
* * * LOW HITPOINT WARNING * * *
You block the salamander's attack. The nagaraja spits poison at you.
The splash of poison hits you but does no damage.
You resist. The nagaraja constricts you.
You hit the nagaraja but do no damage.
The nagaraja is lightly wounded.
You block the salamander's attack. You block the naga ritualist's attack.
You block the nagaraja's attack.
It was a potion of curing.
You feel better.
The salamander no longer looks unusually strong.
You block the guardian serpent's attack.
The nagaraja spits poison at you.
The splash of poison hits you but does no damage.
You resist. The nagaraja constricts you. You block the salamander's attack.
The naga sharpshooter spits poison at you.
You block splash of poison... and reflect it back!
The splash of poison hits the naga sharpshooter.
The naga sharpshooter completely resists.
The nagaraja hits you but does no damage.
The salamander hits you from afar with a +0 halberd!!
You die...

#### ### ###.≈≈≈ #.# ##..§..≈§
#.# #..§≈≈... ##.# ###≈§§≈≈§.φ
#..# ###≈≈≈.§§≈≈.. #..#
##NNN≈≈N§≈§≈≈. #..##
####S♣NNNSN§§≈≈≈. #...#
##.#.N###≈§§.≈§≈≈. #...##
##..#..# ##≈§..§...
#....#####...#..## ≈§§§≈#####
#....).......##..## ≈≈§§##≈≈≈##
##.......###..##..####≈##§≈≈≈.##
######### ##..#..##.###.......##
#..#....#............
#..##.....#.........#


You could see 2 nagarajas, a naga warrior, a naga sharpshooter (strong, catching
breath), 3 salamanders, a naga ritualist (strong), 2 guardian serpents and a
naga mage (fast, strong).

Vanquished Creatures
  Mlioglotl (Swamp:3)
  3 thorn hunters (Swamp:4)
  Kirke (Lair:4)
  Donald (Swamp:3)
  Louise (Swamp:4)
  3 orc warlords
  2 vampire knights
  3 eleionomae
  6 dire elephants
  8 bunyips
  An ettin (D:12)
  3 shambling mangroves (Swamp:4)
  The ghost of Olga the Carver, a journeyman DrMo of Gozag (D:11)
  A ghost crab (Swamp:4)
  15 hydras
  2 salamander tyrants (Snake:4)
  2 ironbound frosthearts (IceCv)
  Erica (D:8)
  10 anacondas
  11 alligators
  5 boulder beetles
  10 naga warriors
  A two-headed ogre (D:8)
  8 death yaks
  8 naga sharpshooters
  14 shock serpents
  8 orc high priests
  Urug (Orc:2)
  Sonja (Orc:2)
  9 spriggans
  2 skysharks (Lair:4)
  3 goliath frogs
  4 salamander mystics
  A spectral anaconda (Lair:5)
  3 bog bodies
  6 naga ritualists
  Pikel (D:6)
  6 spriggan druids
  5 swamp dragons
  4 necromancers (Lair:5)
  4 spectral hydras (Swamp:4)
  2 phantasmal warriors
  A deep elf pyromancer (D:12)
  3 oklob plants (Swamp:4)
  7 mana vipers
  An orc sorcerer (D:12)
  6 orc knights
  A manticore (D:11)
  23 elephants
  25 salamanders
  6 guardian serpents
  A cyclops (D:12)
  2 will-o-the-wisps
  15 naga magi
  2 dire elephant zombies (Lair:5)
  2 gargoyles
  47 black mambas
  An ice statue (IceCv)
  Maggie (D:6)
  A torpor snail (Lair:2)
  A kobold demonologist (D:11)
  11 cane toads
  2 freezing wraiths
  5 rime drakes
  8 komodo dragons
  5 hydra zombies (Swamp:4)
  12 polar bears
  A bloated husk (Swamp:2)
  5 trolls
  A hydra skeleton (Swamp:4)
  2 death drake zombies (Swamp:4)
  10 blink frogs
  Prince Ribbit (D:6)
  8 tyrant leeches
  A death drake skeleton (Swamp:4)
  Grinder (D:5)
  15 hornets
  4 centaur simulacra (D:11)
  2 slime creatures
  106 yaks
  2 wyverns
  3 hogs
  Eustachio (D:6)
  4 humans (Lair:5)
  Grum (D:10)
  A wraith (D:10)
  2 basilisks
  3 steam dragons
  6 wargs (Orc:1)
  12 vampire mosquitoes
  27 nagas
  16 swamp worms
  2 acid dragons
  2 hydra simulacra (Swamp:4)
  23 water moccasins
  6 ice beasts
  44 orc warriors
  A sky beast (D:7)
  9 swamp drakes
  2 elephant zombies (Lair:5)
  5 ogres
  36 wolves
  4 centaurs
  3 phantoms
  11 bullfrogs
  4 kobold brigands
  3 lemures (D:6)
  7 scorpions
  7 wights
  An elephant simulacrum (Lair:5)
  An oklob sapling (D:8)
  15 killer bees
  An electric eel (Lair:1)
  3 howler monkeys
  4 hounds
  5 jellies (D:11)
  28 orc priests
  A sleepcap (D:5)
  18 orc wizards
  An iguana (D:4)
  5 hell rats (D:10)
  17 adders
  8 gnolls
  A river rat (D:10)
  3 white imps
  An ufetubus (D:5)
  2 worms
  88 orcs
  14 ball pythons
  7 bats
  19 endoplasms
  8 giant cockroaches
  13 goblins
  7 hobgoblins
  7 jackals
  22 kobolds
  4 quokkas
  2 frilled lizards
  3 rats
1084 creatures vanquished.

Vanquished Creatures (others)
  An alligator (Swamp:3)
  A naga sharpshooter (Snake:2)
  A bloated husk (Swamp:1)
  A naga (Snake:2)
  A water moccasin (D:8)
  10 foxfires
15 creatures vanquished.

Grand Total: 1099 creatures vanquished

Notes
Turn   | Place    | Note
-------+----------+-------------------------------------------
     0 | D:1      | AdnanSaban the Gargoyle Fighter began the quest for the
                  | Orb.
     0 | D:1      | Reached XP level 1. HP: 14/14 MP: 1/1
    81 | D:1      | Reached XP level 2. HP: 19/19 MP: 2/2
   157 | D:1      | Found a faded altar of an unknown god.
   312 | D:1      | Reached XP level 3. HP: 21/23 MP: 3/3
   908 | D:2      | Reached XP level 4. HP: 26/28 MP: 4/4
  1151 | D:2      | Noticed a scorpion
  1163 | D:2      | Killed a scorpion
  1164 | D:2      | Reached skill level 4 in Shields
  1164 | D:2      | Reached XP level 5. HP: 13/33 MP: 5/5
  2016 | D:3      | Identified the +5 chain mail of Tionleru {rElec Regen+
                  | Dex+4}
  2409 | D:3      | Reached XP level 6. HP: 38/38 MP: 6/6
  2824 | D:4      | Reached skill level 5 in Maces & Flails
  3362 | D:4      | Reached XP level 7. HP: 30/44 MP: 7/7
  3465 | D:5      | Entered Level 5 of the Dungeon
  3672 | D:5      | Reached skill level 1 in Dodging
  3765 | D:5      | Reached skill level 5 in Armour
  4022 | D:5      | Reached XP level 8. HP: 30/48 MP: 8/8
  4334 | D:5      | Found a hide-covered altar of Uskayaw.
  4337 | D:5      | Found a blossoming altar of Fedhas.
  4833 | D:6      | Noticed Grinder
  4862 | D:6      | Paralysed by Grinder for 3 turns
  4960 | D:5      | Reached skill level 5 in Shields
  4965 | D:5      | Paralysed by Grinder for 2 turns
  4978 | D:5      | Paralysed by Grinder for 3 turns
  4988 | D:5      | Killed Grinder
  4989 | D:5      | Reached skill level 5 in Fighting
  4989 | D:5      | Reached skill level 1 in Throwing
  5020 | D:6      | Noticed Eustachio
  5064 | D:5      | Reached XP level 9. HP: 54/54 MP: 9/9
  5152 | D:6      | Killed Eustachio
  5238 | D:6      | Noticed Maggie
  5261 | D:6      | Killed Maggie
  5305 | D:6      | Reached skill level 6 in Shields
  5480 | D:6      | Found a glowing golden altar of the Shining One.
  5724 | D:7      | Noticed Pikel
  5793 | D:6      | Killed Pikel
  5869 | D:7      | Noticed Prince Ribbit
  5918 | D:6      | Reached XP level 10. HP: 54/60 MP: 10/10
  6010 | D:6      | Killed Prince Ribbit
  6130 | D:7      | Found a staircase to the Ecumenical Temple.
  6145 | Temple   | Entered the Ecumenical Temple
  6169 | Temple   | Became a worshipper of Warmaster Okawaru
  6209 | D:7      | Found a stormy altar of Qazlal.
  6717 | D:8      | Reached skill level 7 in Shields
  6801 | D:8      | Reached * piety under Okawaru
  6831 | D:8      | Noticed Erica
  6834 | D:8      | Reached skill level 10 in Maces & Flails
  6880 | D:8      | HP: 2/61 [Erica/lance of force (24)]
  7161 | D:8      | Reached ** piety under Okawaru
  7238 | D:8      | Identified the +3 leather armour of the Unseen Realm {+Inv
                  | rF+ rN++ Stlth+}
  7245 | D:8      | Noticed a two-headed ogre
  7260 | D:8      | Killed a two-headed ogre
  7261 | D:8      | Reached skill level 8 in Shields
  7261 | D:8      | Reached XP level 11. HP: 40/68 MP: 11/11
  7499 | D:8      | Killed Erica
  7548 | D:8      | Reached *** piety under Okawaru
  7568 | D:8      | Noticed an oklob plant
  7912 | D:9      | Found Rioqet's Distillery.
  8008 | D:8      | Reached skill level 1 in Invocations
  8057 | D:9      | Found Puesahyo's General Store.
  8144 | D:9      | Found Akuocvi's General Store.
  8152 | D:9      | Found Ban Xeg's Antique Weapon Emporium.
  8170 | D:9      | Found Corush's Assorted Antiques.
  8189 | D:9      | Found Duluhan's Elemental Accessories.
  8293 | D:9      | Found Muiluics's Fire Supplies.
  8379 | D:10     | Entered Level 10 of the Dungeon
  8470 | D:10     | Noticed Grum
  8499 | D:10     | Killed Grum
  8522 | D:10     | Noticed a death yak
  8523 | D:10     | Noticed a death yak
  8552 | D:9      | Killed a death yak
  8562 | D:10     | Noticed a death yak
  8579 | D:9      | Killed a death yak
  8579 | D:9      | Reached **** piety under Okawaru
  8649 | D:10     | Killed a death yak
  8690 | D:10     | Found a staircase to the Lair.
  8848 | D:10     | Reached ***** piety under Okawaru
  9159 | D:11     | Reached XP level 12. HP: 75/75 MP: 14/14
  9222 | D:11     | Reached skill level 9 in Shields
  9267 | D:11     | Found a runed translucent gate.
  9267 | D:11     | Found a runed translucent gate.
  9267 | D:11     | Found a runed translucent gate.
  9370 | D:11     | Noticed Olga's ghost (journeyman DrMo)
  9375 | D:11     | Noticed a boulder beetle
  9397 | D:11     | Killed a boulder beetle
  9411 | D:11     | Received a gift from Okawaru
  9668 | D:11     | You fall into a shaft and drop 1 floor!
  9791 | D:12     | Identified the +1 hat of the Stag {Rampage rC- Dex+4}
                  | (Okawaru gifted it to you on level 12 of the Dungeon)
  9791 | D:12     | Received a gift from Okawaru
 10121 | D:12     | Reached skill level 5 in Invocations
 10152 | D:12     | Found a staircase to the Orcish Mines.
 10152 | D:12     | Noticed a boulder beetle
 10165 | D:12     | Killed a boulder beetle
 10428 | Lair:1   | Entered Level 1 of the Lair of Beasts
 10839 | Lair:1   | Noticed a boulder beetle
 10850 | Lair:1   | Killed a boulder beetle
 10851 | Lair:1   | Reached skill level 10 in Armour
 11288 | Lair:1   | Reached XP level 13. HP: 69/80 MP: 17/17
 11308 | Lair:1   | Reached skill level 10 in Shields
 11540 | Lair:2   | Reached ****** piety under Okawaru
 11646 | Lair:2   | Received a gift from Okawaru
 11911 | Lair:2   | Found a staircase to the Snake Pit.
 12248 | Lair:2   | Reached skill level 10 in Fighting
 12511 | Lair:2   | Received a gift from Okawaru
 12897 | Lair:3   | Reached skill level 11 in Shields
 12948 | Lair:3   | Found a frozen archway.
 12958 | Lair:3   | Gained mutation: Your large and strong wings let you fly.
                  | [Gargoyle growth]
 12958 | Lair:3   | Reached XP level 14. HP: 88/88 MP: 20/20
 12964 | IceCv    | Entered an ice cave
 13134 | IceCv    | Reached skill level 5 in Dodging
 13407 | IceCv    | Received a gift from Okawaru
 13854 | Lair:3   | Received a gift from Okawaru
 13855 | Lair:3   | Reached skill level 12 in Shields
 14053 | Lair:3   | Reached skill level 15 in Maces & Flails
 14343 | Lair:3   | Got the Notes on the Twinkling Mortuary
 14396 | Lair:3   | Found a staircase to the Swamp.
 15744 | Lair:5   | Entered Level 5 of the Lair of Beasts
 15864 | Lair:5   | Noticed Kirke
 16006 | Lair:4   | Killed Kirke
 16006 | Lair:4   | Received a gift from Okawaru
 16090 | Lair:5   | Found a runed translucent door.
 16090 | Lair:5   | Found a viscous altar of Jiyva.
 16090 | Lair:5   | Noticed an azure jelly
 16094 | Lair:5   | Noticed an azure jelly
 16108 | Lair:5   | Found a staircase to the Slime Pits.
 16108 | Lair:5   | Noticed an azure jelly
 16186 | Lair:5   | Reached XP level 15. HP: 95/95 MP: 21/21
 16559 | Lair:5   | Identified the +0 leather armour of Action {Regen+ Str-4
                  | Int+2 Slay+2}
 17025 | Lair:5   | Reached skill level 13 in Shields
 17524 | Lair:5   | Reached skill level 5 in Throwing
 17547 | Lair:5   | Got the Verses on Translocated Oromancy
 17761 | Orc:1    | Entered Level 1 of the Orcish Mines
 17802 | Orc:1    | Found Vurerphocw's Distillery.
 17816 | Orc:1    | Received a gift from Okawaru
 17835 | Orc:1    | Noticed an orc warlord
 17987 | D:12     | Killed an orc warlord
 18132 | Orc:1    | Identified the +12 crystal plate armour "Enu Inig" {rF-
                  | Slay+6} (Okawaru gifted it to you on level 1 of the Orcish
                  | Mines)
 18132 | Orc:1    | Received a gift from Okawaru
 18191 | Orc:1    | Noticed an orc warlord
 18201 | Orc:1    | Paralysed by an orc sorcerer for 3 turns
 18238 | D:12     | Killed an orc warlord
 18601 | Orc:2    | Entered Level 2 of the Orcish Mines
 18604 | Orc:2    | Noticed an orc warlord
 18750 | Orc:1    | Killed an orc warlord
 18963 | Orc:2    | Noticed Urug
 18979 | Orc:2    | Killed Urug
 19350 | Orc:2    | Found a staircase to the Elven Halls.
 19604 | Orc:2    | Noticed Sonja
 19611 | Orc:2    | Killed Sonja
 19612 | Orc:2    | Reached skill level 14 in Shields
 19818 | Orc:2    | Reached XP level 16. HP: 104/104 MP: 22/22
 20007 | Orc:2    | Found Karaleh's Magic Scroll Emporium.
 20007 | Orc:2    | Found Ciontyus's Antique Armour Emporium.
 20008 | Orc:2    | Found Ickit's General Store.
 20008 | Orc:2    | Found Nutelima's Antique Armour Emporium.
 20018 | Orc:2    | Bought a pair of fine gloves for 266 gold pieces
 20018 | Orc:2    | Identified the -1 pair of gloves of Chimes {Regen+} (You
                  | bought it in a shop on level 2 of the Orcish Mines)
 20180 | D:11     | Killed Olga's ghost
 20539 | Swamp:1  | Entered Level 1 of the Swamp
 20762 | Swamp:1  | Received a gift from Okawaru
 20910 | Swamp:1  | Reached skill level 15 in Shields
 20945 | Swamp:1  | Identified the ring "Dymeb" {rF++ Will+ Int+6 SInv Stlth-}
 21287 | Swamp:2  | Got the Book of the Creeping Shapeshifter
 21712 | Swamp:2  | Received a gift from Okawaru
 21782 | Swamp:3  | Identified the +1 robe of Wariness {rN+ Regen+}
 21787 | Swamp:3  | Noticed Mlioglotl
 21801 | Swamp:3  | Killed Mlioglotl
 21987 | Swamp:3  | Received a gift from Okawaru
 22212 | Swamp:4  | Entered Level 4 of the Swamp
 22244 | Swamp:4  | Noticed Donald
 22425 | Swamp:4  | Reached XP level 17. HP: 103/112 MP: 23/23
 22542 | Swamp:4  | Reached skill level 16 in Shields
 22565 | Swamp:4  | Identified the +8 tower shield "Wuaplona" {Str+3 Slay+2}
                  | (Okawaru gifted it to you on level 4 of the Swamp)
 22565 | Swamp:4  | Received a gift from Okawaru
 22620 | Swamp:3  | Reached skill level 15 in Fighting
 23147 | Swamp:4  | Noticed Louise
 23169 | Swamp:3  | Killed Donald
 23234 | Swamp:4  | Killed Louise
 23443 | Swamp:4  | Found a blossoming altar of Fedhas.
 23454 | Swamp:4  | Found a basalt altar of Yredelemnul.
 23716 | Swamp:4  | Reached skill level 17 in Shields
 23727 | Swamp:4  | Got a decaying rune of Zot
 23854 | Snake:1  | Entered Level 1 of the Snake Pit
 23898 | Snake:1  | Found Nijiur's Antique Armour Emporium.
 24077 | Snake:1  | Received a gift from Okawaru
 24325 | Snake:1  | Found Ididghevav's Book Emporium.
 24642 | Snake:1  | Identified the +1 trident "Riwu" {heavy, rElec Str+4}
 24695 | Snake:1  | You are sucked into a shaft and drop 1 floor!
 25287 | Snake:2  | Received a gift from Okawaru
 25579 | Snake:2  | Found Foacos's Book Shoppe.
 25584 | Snake:2  | Reached XP level 18. HP: 120/120 MP: 24/24
 25922 | Snake:2  | Received a gift from Okawaru
 25955 | Snake:2  | Reached skill level 18 in Shields
 27023 | Snake:4  | Entered Level 4 of the Snake Pit
 27439 | Snake:4  | Reached skill level 19 in Shields
 27459 | Snake:4  | Received a gift from Okawaru
 27588 | Snake:4  | Mangled by a salamander

Illustrated notes

Levels and vault maps discovered:
D:1:      dpeg_arrival_lava_temple_mockup, layout_basic,
          shapermc_ecumenical_altar_ellora
D:2:      layout_loops_cross, minmay_quantized
D:3:      layout_basic, gup_sewer_entry_glass, grunt_ministairs_2,
          kennysheep_boxes
D:4:      layout_layer_cave, minmay_ogre_servants
D:5:      layout_basic, gammafunk_temple_overflow_wave, lemuel_flame_loot_1
D:6:      layout_rooms, mainiacjoe_overflow_paths, uniq_eustachio, uniq_grinder,
          uniq_maggie
D:7:      layout_gridville, mainiacjoe_overflow_tiny_flanked,
          minmay_temple_entry_junction, minmay_starry_boxes,
          uniq_prince_ribbit1, uniq_pikel
D:8:      layout_basic, introduction_to_nature_1, uniq_erica
D:9:      layout_big_octagon, serial_shops, shop, shop,
          nicolae_shop_tiny_waterfront, nicolae_shop_industrial_runoff, shop,
          nicolae_elemental_shop, nicolae_shop_fire_sale
          [nicolae_sub_dead_trees]
D:10:     layout_cave_pools, dpeg_lair_monsters, uniq_grum
D:11:     lemuel_slime, layout_irregular_city, gammafunk_ghost_icy
D:12:     layout_rooms, orc_0_dummy
Temple:   nicolae_temple_bog_church
Lair:1:   layout_concentric_octagons, serial_bayou_shore_a, wad_woods_river_01
Lair:2:   layout_regular_city, minmay_snake_entry_six_corridors,
          grunt_megastairs_1
Lair:3:   layout_layer_cave, swamp_mist, portal_ice_cave_entry_pillars_2,
          infiniplex_staircase_pool_2
Lair:4:   layout_gridlike, infiniplex_staircase_pool
Lair:5:   due_jungle_book, layout_regular_city, slime_entry_2, uniq_kirke
Swamp:1:  layout_basic_swamp, hangedman_swamp_ruin_wall
Swamp:2:  layout_falls_marsh, evilmike_swamp_ruin_house_5, swamp_pool1
Swamp:3:  layout_basic_swamp, evilmike_swamp_ruin_house_3, uniq_mlioglotl
Swamp:4:  byrel_swamp_growth_death_and_undeath, layout_basic_swamp, uniq_donald,
          uniq_louise
Snake:1:  layout_chambers, serial_shops, nicolae_shop_overgrown_old_shop,
          nicolae_shop_hallway_plus
Snake:2:  kennysheep_snake, layout_concentric_octagons, serial_shops,
          shop_statue
Snake:3:  layout_concentric_octagons, grunt_ministairs_8
Snake:4:  grunt_snake_rune_pools, layout_layer_cave, grunt_megastairs_5
Orc:1:    layout_caves, serial_shops, nicolae_shop_gibbet_a_chance,
          bh_open_orc_temple
Orc:2:    st_orc_pillars, layout_caves, basic_altar, uniq_urug, uniq_sonja

Skill      XL: |  1  2  3  4  5  6  7  8  9 10 11 12 13 14 15 16 17 18 |
---------------+-------------------------------------------------------+-----
Maces & Flails | 3 4 5 6 8 9 11 12 13 14 15 16 17 18 | 18.0
Armour         | 4 5 7 8 9 10 11 12 13 | 13.6
Shields        | 4 5 6 8 9 11 12 14 15 17 19 | 19.1
Fighting       | 4 5 6 7 8 9 10 11 13 14 16 17 | 17.4
Dodging        | 1 2 3 4 5 |  5.9
Throwing       | 1 2 3 4 5 6 |  6.3
Invocations    | 3 6 8 |  8.1

Action                     |  1- 3 |  4- 6 |  7- 9 | 10-12 | 13-15 | 16-18 || total
---------------------------+-------+-------+-------+-------+-------+-------++-------
  Melee: Flail             |   140 |   203 |   426 |   525 |       |       ||  1294
         Morningstar       |       |       |       |   439 |  1688 |  1402 ||  3529
         Unarmed           |       |       |       |       |     1 |       ||     1
  Throw: Boomerang         |       |       |    24 |    97 |    36 |    85 ||   242
         Dart              |       |       |       |       |    32 |     9 ||    41
 Invoke: Heroism           |       |       |       |     1 |     2 |     2 ||     5
         Finesse           |       |       |       |       |       |     2 ||     2
    Use: Potion            |       |       |       |       |       |     2 ||     2
   Stab: Confused          |       |       |       |       |       |     1 ||     1
 Armour: Scale mail        |   111 |    60 |       |       |       |       ||   171
         Chain mail        |       |    66 |   426 |   519 |   870 |    14 ||  1895
         Crystal plate arm |       |       |       |       |       |  1067 ||  1067
         Skin              |       |       |       |       |       |     8 ||     8
  Dodge: Dodged            |    77 |    94 |   350 |   433 |   577 |   266 ||  1797
  Block: Buckler           |    43 |    64 |   147 |   572 |   841 |       ||  1667
         Reflection        |       |       |       |     9 |    33 |   158 ||   200
         Tower shield      |       |       |       |       |   347 |  2083 ||  2430

Table legend: (Time is in decaauts)
 A = Elapsed time spent in this place.
 B = Non-inter-level travel time spent in this place.
 C = Inter-level travel time spent in this place.
 D = Time resting spent in this place.
 E = Time spent auto-exploring this place.
 F = Levels seen in this place.
 G = Mean time per level.
                   A        B        C        D        E       F      G
               +--------+--------+--------+--------+--------+-----+--------+
         Total |  27129 |  25075 |   2054 |   1178 |  15484 |  29 |  935.5 |
       Dungeon |  10951 |  10105 |    846 |    466 |   6471 |  12 |  912.6 |
        Temple |     51 |      5 |     46 |      0 |      0 |   1 |   51.0 |
          Lair |   6382 |   5703 |    679 |    141 |   3780 |   5 | 1276.4 |
         Swamp |   3132 |   2919 |    213 |    371 |   1391 |   4 |  783.0 |
     Snake Pit |   3597 |   3540 |     57 |      0 |   2629 |   4 |  899.2 |
  Orcish Mines |   2199 |   1988 |    211 |    168 |    863 |   2 | 1099.5 |
      Ice Cave |    815 |    815 |      0 |     32 |    349 |   1 |  815.0 |
               +--------+--------+--------+--------+--------+-----+--------+

Top non-repeatable levels by time:
  Lair:5: 1483 daAuts
  Lair:3: 1391 daAuts
     D:5: 1377 daAuts
  Lair:2: 1345 daAuts
     D:8: 1207 daAuts
 Swamp:4: 1205 daAuts
   Orc:2: 1191 daAuts
 Snake:1: 1187 daAuts
 Snake:2: 1177 daAuts
     D:4: 1103 daAuts
  Lair:4: 1096 daAuts
     D:2: 1072 daAuts
  Lair:1: 1065 daAuts
   Orc:1: 1008 daAuts
    D:11: 926 daAuts
